 Dungeon Crawl Stone Soup version 0.26-a0-651-gb41185065b (webtiles) character file.

Game seed: 4818105959144836506

1001 Lanoc the Skirmisher (level 8, -3/87 HPs)
             Began as an Ogre Berserker on Oct 31, 2020.
             Was a Priest of Trog.
             Slain by p0werm0de's ghost (15 damage)
             ... on level 4 of the Dungeon.
             The game lasted 00:03:44 (3619 turns).

Lanoc the Skirmisher (Ogre Berserker)               Turns: 3619, Time: 00:03:45

Health: -3/87      AC:  3    Str: 21 (22) XL:     8   Next: 20%
Magic:  8/8        EV: 11    Int:  7 (8)  God:    Trog [***...]
Gold:   65         SH:  0    Dex:  7 (10) Spells: 7/7 levels left

rFire    . . .     SeeInvis .   a - +0 mace
rCold    . . .     Faith    .   (no shield)
rNeg     . . .     Spirit   .   b - +0 animal skin
rPois    .         Reflect  .   (helmet restricted)
rElec    .         Harm     .   (no cloak)
rCorr    .         Rampage  .   (gloves unavailable)
MR       .....                  (boots unavailable)
Stlth    +.........             (no amulet)
HPRegen  0.24/turn              (no ring)
MPRegen  0.11/turn              (no ring)

@: brilliant, berserk cooldown, slowed, very slow
A: large, unfitting armour, tough skin 1
a: Berserk, Trog's Hand, Renounce Religion


You were on level 4 of the Dungeon.
You worshipped Trog.
Trog was most pleased with you.
You visited 1 branch of the dungeon, and saw 4 of its levels.

You collected 65 gold pieces.

Inventory:

Hand Weapons
 a - a +0 mace (weapon)
Missiles
 q - 6 atropa-tipped darts (quivered)
Armour
 b - a +0 animal skin (worn)
Wands
 j - a wand of flame (10)
 s - a wand of polymorph (8)
Scrolls
 e - a scroll of amnesia {unknown}
 f - 2 scrolls of identify {unknown}
 h - a scroll of random uselessness {unknown}
 m - a scroll of blinking {unknown}
 n - a scroll of enchant armour {unknown}
 o - a scroll of remove curse {unknown}
 p - a scroll of magic mapping {unknown}
Potions
 c - a potion of cancellation {unknown}
 d - a potion of stabbing {unknown}
 g - a potion of might {unknown}
 k - 2 potions of degeneration
 l - a potion of curing
 r - a potion of heal wounds {unknown}


   Skills:
 + Level 7.2 Fighting
 * Level 6.5 Maces & Flails
 + Level 4.9 Dodging


You had 7 spell levels left.
You didn't know any spells.
Your spell library was empty.

Dungeon Overview and Level Annotations

Branches:
Dungeon (4/15)
 Temple: D:4-7

Altars:
Xom

Annotations:
D:4 p0werm0de's ghost, amateur GrFi


Innate Abilities, Weirdness & Mutations

You are too large for most types of armour.
You have tough skin. (AC +1)


Message History

P0werm0de's ghost is severely damaged.
You are no longer berserk.
You are exhausted.
You feel yourself slow down. P0werm0de's ghost hits you.
* * * LOW HITPOINT WARNING * * *
It was a potion of degeneration.
There was something very wrong with that liquid.
You feel weakened.
You feel dopey.
You feel clumsy. P0werm0de's ghost barely misses you.
It was a potion of brilliance.
You feel clever all of a sudden.
P0werm0de's ghost hits you but does no damage.
P0werm0de's ghost hits you.
* * * LOW HITPOINT WARNING * * *
It was a potion of curing.
You feel better. P0werm0de's ghost hits you!
* * * LOW HITPOINT WARNING * * *
You feel better. P0werm0de's ghost hits you.
* * * LOW HITPOINT WARNING * * *
P0werm0de's ghost hits you!
You die...

##.#######.....#......#.###....
##........#.........##.>....)...
##.#.#.###.#.....#.####.#.###....
#.##....##.#....<#.#......# #####
##.#.#..##[#######.#.##.### ##
##...#.##.#### #.#.##.# ##.
##..........# #......# #..
####.#####.######.##########.#
#..........W@....# #........#
#.#.####'''####### #.#####..#
#.#.#♣.......♣ #.#####..#
#.#.#⌠.......⌠# #.##.....#
#.###♣.......♣# #.##.#†.(.
#.###[.......)# #(......##
#...##8.....8## ####.#....
#######$♣⌠♣.## ##.##### #...###.


You could see p0werm0de's ghost.

Vanquished Creatures
  The ghost of PanSaczeczos the Sneak, a novice VSEn (D:4)
  A phantom (D:4)
  An ogre (D:4)
  A centaur (D:4)
  A water moccasin skeleton (D:4)
  3 hounds (D:4)
  4 orc priests
  A bullfrog skeleton (D:4)
  3 orc wizards
  A worker ant (D:4)
  9 adders
  An adder skeleton (D:4)
  2 worms
  2 dart slugs
  4 leopard geckos
  18 orcs
  3 bats
  2 giant cockroaches (D:3)
  3 goblins
  2 hobgoblins (D:1)
  4 jackals (D:3)
  3 quokkas (D:4)
  2 frilled lizards
  3 kobolds (D:1)
  5 rats
80 creatures vanquished.

Notes
Turn   | Place    | Note
-------+----------+-------------------------------------------
     0 | D:1      | Lanoc the Ogre Berserker began the quest for the Orb.
     0 | D:1      | Reached XP level 1. HP: 24/24 MP: 1/1
   181 | D:1      | Reached XP level 2. HP: 32/32 MP: 2/2
   377 | D:2      | Reached XP level 3. HP: 19/40 MP: 3/3
   614 | D:3      | Found a faded altar of an unknown god.
   708 | D:3      | Reached XP level 4. HP: 49/49 MP: 4/4
   762 | D:3      | Reached ** piety under Trog
   950 | D:3      | Found a shimmering altar of Xom.
   977 | D:3      | Reached skill level 5 in Fighting
   981 | D:3      | Reached XP level 5. HP: 57/57 MP: 5/5
  1758 | D:4      | Reached XP level 6. HP: 66/66 MP: 6/6
  1891 | D:4      | Found a runed translucent gate.
  1891 | D:4      | Found a runed translucent gate.
  1892 | D:4      | Found a runed translucent gate.
  1893 | D:4      | Noticed p0werm0de's ghost (amateur GrFi)
  1894 | D:4      | Noticed PanSaczeczos's ghost (novice VSEn)
  2019 | D:4      | Reached skill level 6 in Fighting
  2019 | D:4      | Reached skill level 5 in Maces & Flails
  2157 | D:4      | Reached XP level 7. HP: 72/75 MP: 7/7
  3178 | D:4      | Reached *** piety under Trog
  3604 | D:4      | Killed PanSaczeczos's ghost
  3604 | D:4      | Reached skill level 7 in Fighting
  3604 | D:4      | Reached XP level 8. HP: 80/87 MP: 8/8
  3619 | D:4      | Slain by p0werm0de's ghost

Illustrated notes

Levels and vault maps discovered:
D:1:      dpeg_arrival_ratfight, layout_loops_cross, st_stairs_4
D:2:      layout_loops_ring, grunt_ministairs_9, xom_redecorated
D:3:      layout_loops_ring, old_standard_altar,
          chequers_ecumenical_altar_twisty
D:4:      minmay_chambers_of_threes, layout_loops_cross,
          gammafunk_ghost_cemetery, kennysheep_generic_room_2

Skill      XL: |  1  2  3  4  5  6  7 |
---------------+----------------------+-----
Maces & Flails | 3 4 5 6 |  6.5
Dodging        | 3 4 |  4.9
Fighting       | 5 6 7 |  7.2

Action                   |  1- 3 |  4- 6 |  7- 9 || total
-------------------------+-------+-------+-------++-------
Melee: Mace              |    43 |   111 |   130 ||   284
Invok: Berserk           |     3 |     5 |     5 ||    13
  Use: Potion            |       |       |     4 ||     4
Armor: Animal skin       |     8 |    30 |    31 ||    69
Dodge: Dodged            |    35 |    59 |    65 ||   159

Table legend: (Time is in decaauts)
 A = Elapsed time spent in this place.
 B = Non-inter-level travel time spent in this place.
 C = Inter-level travel time spent in this place.
 D = Time resting spent in this place.
 E = Time spent auto-exploring this place.
 F = Levels seen in this place.
 G = Mean time per level.
                   A        B        C        D        E       F      G
               +--------+--------+--------+--------+--------+-----+--------+
         Total |   3749 |   3683 |     66 |    226 |   2915 |   4 |  937.2 |
       Dungeon |   3749 |   3683 |     66 |    226 |   2915 |   4 |  937.2 |
               +--------+--------+--------+--------+--------+-----+--------+

Top non-repeatable levels by time:
     D:4: 2085 daAuts
     D:3: 1040 daAuts
     D:2: 416 daAuts
     D:1: 207 daAuts
